 Dungeon Crawl Stone Soup version 0.18-a0-1120-g03bd624 (webtiles) character file.

39 Chiseanne the Skirmisher (level 3, 4/31 HPs)
             Began as a Centaur Air Elementalist on Jan 17, 2016.
             Quit the game on level 2 of the Dungeon.
             The game lasted 00:01:51 (1557 turns).

Chiseanne the Skirmisher (Centaur Air Elementalist) Turns: 1557, Time: 00:01:51

Health: 4/31       AC:  4    Str: 10    XL:     3   Next: 26%
Magic:  5/5        EV:  9    Int: 15    God:
Gold:   70         SH:  0    Dex:  9    Spells: 1 memorised, 4 levels left

rFire  . . .     SeeInvis .     q - +0 mace
rCold  . . .     Gourm    .     a - +0 robe
rNeg   . . .     Faith    .     (no shield)
rPois  .         Spirit   .     (no helmet)
rElec  .         Dismiss  .     (no cloak)
rCorr  .         Reflect  .     (no gloves)
SustAt .         Harm     .     (no barding)
MR     .....                    (no amulet)
Stlth  +.........               (no ring)
                                (no ring)

@: lethally poisoned (4 -> -1), very quick, not resistant to hostile
enchantments, very unstealthy
A: hooves 3, deformed body, speed 2, tough skin 3
a: no special abilities


You were on level 2 of the Dungeon.
You were hungry.

You visited 1 branch of the dungeon, and saw 2 of its levels.

You collected 70 gold pieces.

Inventory:

Hand Weapons
 q - a +0 mace (weapon)
Missiles
 k - 6 tomahawks (quivered)
Armour
 a - a +0 robe (worn)
Scrolls
 d - a scroll of noise {unknown}
 e - 2 scrolls of remove curse {unknown}
 g - a scroll of teleportation {unknown}
 h - a scroll of magic mapping {unknown}
 j - a scroll of identify {unknown}
 n - a scroll of enchant weapon {unknown}
 s - 3 scrolls of amnesia {unknown}
Potions
 i - 3 potions of curing {unknown}
 l - 2 potions of might {unknown}
 m - a potion of flight {unknown}
 o - a potion of resistance {unknown}
 p - a potion of invisibility {unknown}
 r - a potion of lignification {unknown}
Books
 b - a book of Air

   Spells                             Type                      Level
   a - Shock                          Conjuration/Air              1
   b - Swiftness                      Charms/Air                   2
   c - Repel Missiles                 Charms/Air                   2
   d - Static Discharge               Conjuration/Air              3
   e - Lightning Bolt                 Conjuration/Air              5
Comestibles
 c - 3 bread rations
 f - 3 meat rations


   Skills:
 + Level 3.0 Fighting
 - Level 1.3 Dodging
 - Level 1.2 Stealth
 - Level 1.5 Spellcasting
 - Level 0.8 Conjurations
 - Level 2.6 Air Magic


You had 4 spell levels left.
You knew the following spells:

 Your Spells              Type           Power        Failure   Level  Hunger
a - Shock                 Conj/Air       #...         12%         1    ##.....


Dungeon Overview and Level Annotations

Branches:
Dungeon (2/15)

Altars:
Ru


Innate Abilities, Weirdness & Mutations

You have hooves in place of feet.
Armour fits poorly on your strangely shaped body.
You cover ground very quickly.
You have extremely tough skin (AC +3).


Message History

You are too injured to fight recklessly!
You are too injured to fight recklessly!
You are too injured to fight recklessly!
You are too injured to fight recklessly!
You are too injured to fight recklessly!
You are too injured to fight recklessly!
You are too injured to fight recklessly!
You are too injured to fight recklessly!
You are too injured to fight recklessly!
You are too injured to fight recklessly!
You are too injured to fight recklessly!
You are too injured to fight recklessly!
You are too injured to fight recklessly!
You are too injured to fight recklessly!
You are too injured to fight recklessly!
You are too injured to fight recklessly!
You are too injured to fight recklessly!
You are too injured to fight recklessly!
You are too injured to fight recklessly!
Are you sure you want to abandon this character and quit the game? (Confirm with "yes".)

####################
...................# .#
≈≈≈≈≈≈≈≈≈≈≈≈≈≈≈≈≈≈≈≈ .#
≈≈≈≈≈≈S≈≈≈≈≈≈≈≈≈≈≈≈≈ .#
.....Kg@...........# .#####
##############'#######
.##8.###8.###8.###8)#........
.##....†............'........
.##.#########################
..÷)......# #.#######.# #.#
#.#


You could see an adder, a hobgoblin and a kobold.

Vanquished Creatures
  2 adders (D:2)
  2 bats (D:1)
  A giant cockroach (D:1)
  5 goblins
  2 hobgoblins
  3 kobolds
  2 quokkas (D:2)
  4 rats
21 creatures vanquished.

Notes
Turn   | Place    | Note
--------------------------------------------------------------
     0 | D:1      | Chiseanne the Centaur Air Elementalist began the quest for the Orb.
     0 | D:1      | Reached XP level 1. HP: 14/14 MP: 3/3
   296 | D:1      | Reached skill level 1 in Fighting
   707 | D:1      | Reached XP level 2. HP: 15/24 MP: 4/4
  1210 | D:2      | Found a sacrificial altar of Ru.
  1399 | D:2      | Reached XP level 3. HP: 26/30 MP: 0/5
  1518 | D:2      | Reached skill level 3 in Fighting
  1557 | D:2      | Quit the game

Vault maps used:
D:1:      lightli_arrival_statue_moat
D:2:      wad_river_or_something, hangedman_ru_absence, first_bread,
          johnstein_pakellas_dig

Action                   || total
-------------------------++-------
Melee: Club              ||    19
       Unarmed           ||    14
       Mace              ||    53
 Cast: Shock             ||    11
  Eat: Chunk             ||     1
